 Dungeon Crawl Stone Soup version 0.25-a0-558-g78a2afb0af (webtiles) character file.

Game seed: 2163319973056777, levelgen mode: deterministic

15689 Flugslaktarn the Cleaver (level 12, -10/97 HPs)
             Began as a Formicid Fighter on Feb 24, 2020.
             Was an Elder of Makhleb.
             Mangled by a minotaur (16 damage)
             ... in a Gauntlet.
             The game lasted 00:08:10 (12222 turns).

Flugslaktarn the Cleaver (Formicid Fighter)        Turns: 12222, Time: 00:08:10

Health: -10/97     AC: 20    Str: 26    XL:     12   Next: 60%
Magic:  18/18      EV:  7    Int: 12    God:    Makhleb [****..]
Gold:   643        SH: 13    Dex: 15    Spells: 11/11 levels left

rFire    + + .     SeeInvis +   u - +5 battleaxe (freeze)
rCold    . . .     Gourm    .   c - +0 kite shield
rNeg     . . .     Faith    .   F - +0 plate armour
rPois    .         Spirit   .   (helmet unavailable)
rElec    +         Reflect  .   m - +2 cloak
rCorr    .         Harm     .   (no gloves)
MR       +....                  I - +1 pair of boots
Stlth    ..........             y - amulet of Faloipo {Acrobat +Blink rElec Dex+5 Stlth-}
HPRegen  0.26/turn              k - ring of protection from fire
MPRegen  0.16/turn              f - ring of protection from fire

@: brilliant
A: permanent stasis, dig shafts and tunnels, four strong arms, antennae 3,
clever 1, strong 1
a: Dig, Shaft Self, Minor Destruction, Lesser Servant of Makhleb, Major
Destruction, Renounce Religion


You were in a Gauntlet.
You worshipped Makhleb.
Makhleb was greatly pleased with you.
You were not hungry.

You visited 2 branches of the dungeon, and saw 13 of its levels.
You also visited: Gauntlet.

You collected 643 gold pieces.

Inventory:

Hand Weapons
 a - a +0 war axe
 l - a +1 vorpal hand axe
   (You found it on level 1 of the Dungeon)
 o - a +0 hand axe of electrocution
   (You found it on level 2 of the Dungeon)
 u - a +5 battleaxe of freezing (weapon)
   (You took it off a wight on level 11 of the Dungeon)
 E - a +1 battleaxe
   (You took it off an orc warrior on level 6 of the Dungeon)
Missiles
 v - 6 throwing nets (quivered)
Armour
 c - a +0 kite shield (worn)
 m - a +2 cloak (worn)
   (You found it on level 3 of the Dungeon)
 z - a +0 chain mail
   (You found it on level 5 of the Dungeon)
 F - a +0 plate armour (worn)
   (You took it off an orc warrior on level 6 of the Dungeon)
 I - a +1 pair of boots (worn)
   (You found it on level 1 of the Dungeon)
Jewellery
 f - a ring of protection from fire (right hand)
   (You took it off an orc on level 3 of the Dungeon)
 k - a ring of protection from fire (left hand)
   (You found it on level 12 of the Dungeon)
 x - an uncursed amulet of harm {unknown}
   (You found it on level 11 of the Dungeon)
 y - the amulet of Faloipo (around neck) {Acrobat +Blink rElec Dex+5 Stlth-}
   (You found it on level 5 of the Dungeon)

   [amulet of the acrobat]

   It helps you evade while moving and waiting.
   It affects your dexterity (+5).
   It insulates you from electricity.
   It lets you blink.
   It makes you less stealthy.
 B - a +4 ring of strength {unknown}
   (You found it on level 12 of the Dungeon)
 C - the amulet of Hoapnitt {RegenMP Str+2, unknown}
   (You found it in a Gauntlet)

   [amulet of magic regeneration]

   It increases your magic regeneration.
   It affects your strength (+2).
Wands
 i - a wand of paralysis (16)
   (You found it on level 9 of the Dungeon)
Scrolls
 b - a scroll of fog {unknown}
 h - 2 scrolls of identify {unknown}
 p - a scroll of brand weapon {unknown}
 r - a scroll of enchant weapon
 t - 4 scrolls of teleportation
 w - 8 scrolls of remove curse
Potions
 d - 2 potions of might
 g - a potion of berserk rage
 j - 2 potions of ambrosia
 q - a potion of curing {unknown}
 s - a potion of stabbing
 A - a potion of cancellation {unknown}
 H - a potion of haste {unknown}
Comestibles
 e - 19 rations


   Skills:
 + Level 9.7 Fighting
 * Level 11.9 Axes
 + Level 9.6 Armour
 + Level 10.4 Shields
 + Level 8.1 Invocations


You had 11 spell levels left.
You didn't know any spells.
Your spell library was empty.

Dungeon Overview and Level Annotations

Branches:
Dungeon (12/15)            Temple (1/1) D:6            Lair (0/6) D:9
    Orc (0/2) D:10        Gauntlet (1/1)

Altars:
Ashenzari
Dithmenos
Elyvilon
Gozag
Hepliaklqana
Makhleb
Okawaru
Ru
Sif Muna
Trog
Uskayaw
Wu Jian
Xom
Yredelemnul
Zin
The Shining One

Annotations:
D:5 3 runed translucent doors, Flugslaktarn's ghost, novice MiFi Gauntlet 21 runed translucent doors, 6 transporters


Innate Abilities, Weirdness & Mutations

You cannot be hasted, slowed, berserked, paralysed or teleported.
You can dig through walls and to a lower floor.
Your four strong arms can wield two-handed weapons with a shield.
You have a pair of large antennae on your head. (SInv)
Your mind is acute. (Int +2)
Your muscles are strong. (Str +2)


Message History

* * * LOW HITPOINT WARNING * * *
You block the minotaur's attack.
Your orange demon stings the minotaur from afar.
The minotaur looks as sick as possible!
Your orange demon poisons the minotaur!
Okay, then.
Okay, then.
It was a potion of brilliance.
You feel clever all of a sudden.
Your orange demon stings the minotaur but does no damage.
Your orange demon stings the minotaur from afar.
You block the minotaur's attack.
The minotaur gores you but does no damage.
Evoke which item? (* to show all) (? for menu, Esc to quit)
Okay, then.
You hit the minotaur but do no damage.
The minotaur is severely wounded.
Your orange demon disappears in a puff of smoke!
Your orange demon stings the minotaur but does no damage.
The minotaur hits you!
You die...

#.#.#..## ###
#.#(#..≈##..# ###
©##©#..###..# ..#
#†#.#..§##..##.#.#
#.#.#..###.....#.#
#...#..#....##.#.#
#####..#©...##...# +###
.....∩.#....##.#.##.⌠..#
.......#.......#@H....⌠+
#####..#©...##.#(##∩...#
.ZsZ#..#....##.4§# ⌠.#
...s#..###..##.#(# #
P#.Z#..§##...(.#.# {
...:#.§###..##.#.#
.P.©#..≈##..##...#
PP.[#..###..######
P#..#..≈#####


You could see a minotaur and a friendly orange demon.

Vanquished Creatures
  Harold (D:10)
  A ghost crab (Gauntlet)
  Erica (D:8)
  A soul eater (Gauntlet)
  A fire crab (Gauntlet)
  An unseen horror (D:9)
  A deep elf mage (D:12)
  A manticore (D:9)
  An ugly thing (D:9)
  A gargoyle (D:12)
  2 trolls
  Sigmund (D:6)
  A wyvern (D:9)
  12 yaks
  4 fire bats (Gauntlet)
  2 hogs (D:8)
  A human (D:8)
  6 vampire mosquitoes (D:12)
  4 hungry ghosts
  3 ice beasts
  5 sky beasts
  7 orc warriors
  3 phantoms
  6 ogres
  A necrophage (D:5)
  2 centaurs
  2 big kobolds
  8 bullfrogs
  2 gnoll sergeants
  3 scorpions
  A water moccasin skeleton (D:11)
  4 wights (D:11)
  A howler monkey (D:11)
  A crimson imp (D:9)
  A quasit (D:12)
  4 jellies
  2 bullfrog zombies
  4 gnoll shamans
  9 orc priests
  5 hounds
  2 bullfrog skeletons
  9 orc wizards
  A centaur skeleton (D:6)
  3 iguanas
  5 worker ants
  A hound skeleton (D:5)
  Robin (D:2)
  2 worker ant zombies
  60 gnolls
  A howler monkey skeleton (D:11)
  13 adders
  7 shadow imps
  An adder skeleton (D:7)
  4 worms
  5 dart slugs
  3 leopard geckos
  59 orcs
  2 giant cockroaches
  12 goblins
  6 hobgoblins
  25 jackals
  2 quokkas
  A ball python (D:1)
  10 bats
  A frilled lizard (D:2)
  A jackal zombie (D:7)
  14 kobolds
  2 leopard gecko skeletons
  9 rats
  5 plants
384 creatures vanquished.

Vanquished Creatures (others)
  3 plants (D:10)
  22 withered plants (Gauntlet)
25 creatures vanquished.

Grand Total: 409 creatures vanquished

Notes
Turn   | Place    | Note
-------+----------+-------------------------------------------
     0 | D:1      | Flugslaktarn the Formicid Fighter began the quest for the
                  | Orb.
     0 | D:1      | Reached XP level 1. HP: 18/18 MP: 1/1
   323 | D:1      | Reached XP level 2. HP: 22/24 MP: 2/2
   980 | D:1      | You fall into a shaft and drop 1 floor!
  1135 | D:2      | Reached XP level 3. HP: 29/29 MP: 3/3
  1806 | D:2      | Reached XP level 4. HP: 37/37 MP: 4/4
  1828 | D:2      | Noticed Robin
  1833 | D:2      | Reached skill level 3 in Axes
  1837 | D:2      | Killed Robin
  2237 | D:3      | Reached XP level 5. HP: 42/42 MP: 5/5
  2806 | D:3      | Found a shimmering altar of Xom.
  2985 | D:4      | Reached skill level 4 in Axes
  2985 | D:4      | Reached XP level 6. HP: 41/48 MP: 6/6
  3188 | D:4      | Noticed an ogre
  3195 | D:4      | Killed an ogre
  3250 | D:4      | Reached skill level 5 in Shields
  3525 | D:4      | Reached XP level 7. HP: 55/55 MP: 7/7
  3911 | D:4      | Reached skill level 5 in Axes
  4132 | D:4      | Reached skill level 5 in Fighting
  4141 | D:4      | Reached skill level 5 in Armour
  4152 | D:4      | Reached XP level 8. HP: 47/62 MP: 8/8
  4550 | D:4      | Reached skill level 6 in Axes
  4885 | D:5      | Entered Level 5 of the Dungeon
  4946 | D:5      | Got a shimmering platinum amulet
  5103 | D:5      | Identified the amulet of Faloipo {Acrobat +Blink rElec
                  | Dex+5 Stlth-} (You found it on level 5 of the Dungeon)
  5247 | D:5      | Found a runed translucent gate.
  5247 | D:5      | Found a runed translucent gate.
  5247 | D:5      | Found a runed translucent gate.
  5269 | D:5      | Found an opulent altar of Gozag.
  5273 | D:5      | Noticed Flugslaktarn's ghost (novice MiFi)
  5273 | D:5      | Noticed a two-headed ogre
  5522 | D:6      | Found a staircase to the Ecumenical Temple.
  5523 | D:6      | Noticed Sigmund
  5536 | D:6      | Killed Sigmund
  5536 | D:6      | Reached skill level 7 in Axes
  5536 | D:6      | Reached XP level 9. HP: 58/67 MP: 9/9
  5542 | Temple   | Entered the Ecumenical Temple
  5620 | Temple   | Became a worshipper of Makhleb the Destroyer
  5852 | D:6      | Reached skill level 1 in Invocations
  6337 | D:7      | You fall into a shaft and drop 1 floor!
  6402 | D:7      | Found a shattered altar of Ashenzari.
  7318 | D:8      | Reached * piety under Makhleb
  7322 | D:8      | Reached skill level 8 in Axes
  7401 | D:8      | Reached XP level 10. HP: 58/77 MP: 12/12
  7793 | D:8      | Noticed Erica
  7818 | D:8      | Gained mutation: Your muscles are strong. (Str +2) [potion
                  | of mutation]
  7818 | D:8      | Gained mutation: Your mind is acute. (Int +2) [potion of
                  | mutation]
  7833 | D:8      | Killed Erica
  7833 | D:8      | Reached skill level 9 in Axes
  8363 | D:9      | Found a staircase to the Lair.
  8403 | D:9      | Noticed a cyan ugly thing
  8405 | D:9      | Noticed an unseen horror
  8423 | D:9      | Noticed a manticore
  8450 | D:9      | Killed a cyan ugly thing
  8450 | D:9      | Reached skill level 5 in Invocations
  8740 | D:9      | Killed an unseen horror
  8841 | D:9      | Found a sacrificial altar of Ru.
  8968 | D:9      | Reached ** piety under Makhleb
  9044 | D:9      | Reached XP level 11. HP: 83/86 MP: 15/15
  9099 | D:9      | Identified the Reference Book on the Entourage
  9130 | D:9      | Killed a manticore
  9724 | D:10     | Entered Level 10 of the Dungeon
  9740 | D:10     | Reached skill level 10 in Axes
  9890 | D:10     | Found a hazy altar of Hepliaklqana.
  9930 | D:10     | Reached *** piety under Makhleb
 10122 | D:10     | Found a staircase to the Orcish Mines.
 10254 | D:10     | Noticed Harold
 10270 | D:10     | Killed Harold
 10575 | D:10     | Found a hide-covered altar of Uskayaw.
 10759 | D:11     | Reached **** piety under Makhleb
 11215 | D:11     | Reached skill level 11 in Axes
 11610 | D:12     | Reached XP level 12. HP: 90/95 MP: 17/17
 11673 | D:12     | Reached skill level 10 in Shields
 11898 | D:12     | Found a gate leading to a gauntlet.
 11920 | D:12     | Reached ***** piety under Makhleb
 11936 | Gauntlet | Entered a Gauntlet
 11936 | Gauntlet | Found a runed translucent gate.
 11936 | Gauntlet | Found a transporter.
 11936 | Gauntlet | Found a transporter.
 11936 | Gauntlet | Found a transporter.
 11937 | Gauntlet | Noticed a fire crab
 11938 | Gauntlet | Found a runed translucent gate.
 11939 | Gauntlet | Found a runed translucent gate.
 11947 | Gauntlet | Found a transporter.
 11950 | Gauntlet | Found a transporter.
 11956 | Gauntlet | Noticed a soul eater
 11961 | Gauntlet | Found a transporter.
 11961 | Gauntlet | Found a transporter.
 11969 | Gauntlet | Found a transporter.
 11978 | Gauntlet | Noticed a ghost crab
 11984 | Gauntlet | Noticed a death scarab
 11987 | Gauntlet | Found a transporter.
 11990 | Gauntlet | Noticed a death scarab
 12004 | Gauntlet | Found a transporter.
 12007 | Gauntlet | Found a transporter.
 12008 | Gauntlet | Noticed a wizard
 12009 | Gauntlet | Found a runed translucent gate.
 12009 | Gauntlet | Found a runed translucent gate.
 12009 | Gauntlet | Found a runed translucent gate.
 12010 | Gauntlet | Found a large runed translucent door.
 12010 | Gauntlet | Found a large runed translucent door.
 12011 | Gauntlet | Found a large runed translucent door.
 12012 | Gauntlet | Found a large runed translucent door.
 12013 | Gauntlet | Found a large runed translucent door.
 12013 | Gauntlet | Found a large runed translucent door.
 12013 | Gauntlet | Found a runed translucent door.
 12013 | Gauntlet | Found a runed translucent door.
 12014 | Gauntlet | Found a large runed translucent door.
 12015 | Gauntlet | Found a large runed translucent door.
 12017 | Gauntlet | Found a transporter.
 12055 | Gauntlet | Found a large runed translucent door.
 12056 | Gauntlet | Found a large runed translucent door.
 12057 | Gauntlet | Found a large runed translucent door.
 12057 | Gauntlet | Found a large runed translucent door.
 12058 | Gauntlet | Found a large runed translucent door.
 12059 | Gauntlet | Found a large runed translucent door.
 12060 | Gauntlet | Found a large runed translucent door.
 12060 | Gauntlet | Found a large runed translucent door.
 12112 | Gauntlet | Killed a fire crab
 12144 | Gauntlet | Killed a soul eater
 12165 | Gauntlet | Killed a ghost crab
 12178 | Gauntlet | Got a pitted lead amulet
 12201 | Gauntlet | Identified the amulet of Sin {Gourm Dex+5}
 12201 | Gauntlet | Noticed a minotaur
 12222 | Gauntlet | Mangled by a minotaur

Levels and vault maps discovered:
D:1:      minmay_arrival_diagonal_passages, layout_basic
D:2:      layout_loops_corners, uniq_robin
D:3:      layout_basic, first_ration, tgw_xom
D:4:      lemuel_castle_with_subvaults [lemuel_castle_interior_original],
          layout_loops_corners
D:5:      layout_cave_pools, ebering_ghost_gozag
D:6:      layout_basic, minmay_temple_entry_glass, uniq_sigmund
D:7:      layout_basic, marbit_many_paths
D:8:      layout_loops_ring, grunt_livestock, grunt_decor_clamped, uniq_erica
D:9:      layout_grid_maze, lair_entry_dummy, basic_altar, minmay_diamond_spiral
D:10:     layout_rooms, hiddenorc1_lemuel, hangedman_feature_mirror,
          serial_bayou_lagoon_a, uniq_harold
D:11:     layout_gridville
D:12:     layout_roguey, gauntlet_entry_generic, serial_shops, shop
Temple:   regret_index_temple_sigil_plot
Gauntlet: minmay_gauntlet_mixed_big_or_small [gammafunk_gauntlet_arena_grid,
          minmay_gauntlet_arena_77_run_for_it,
          minmay_gauntlet_arena_make_your_own_arena,
          minmay_gauntlet_arena_77_chump_sandwich,
          gammafunk_gauntlet_arena_hedges, minmay_gauntlet_arena_77_two_paths,
          gauntlet_exit_hidden_loot]

Skill      XL: |  1  2  3  4  5  6  7  8  9 10 11 12 |
---------------+-------------------------------------+-----
Shields        | 4 5 6 7 8 9 10 | 10.4
Axes           | 3 4 5 7 8 9 11 | 11.9
Armour         | 4 5 6 7 9 |  9.6
Fighting       | 4 5 6 7 8 9 |  9.7
Invocations    | 3 5 7 8 |  8.1

Action                   |  1- 3 |  4- 6 |  7- 9 | 10-12 || total
-------------------------+-------+-------+-------+-------++-------
Melee: War axe           |    43 |       |       |       ||    43
       Hand axe          |    44 |   162 |   377 |   437 ||  1020
       Battleaxe         |       |       |       |   145 ||   145
Invok: Lesser Servant of |       |       |       |     2 ||     2
 Abil: Dig               |       |       |       |     2 ||     2
  Use: Potion            |       |       |       |    10 ||    10
       Scroll            |       |       |       |     9 ||     9
 Stab: Distracted        |       |       |       |     1 ||     1
  Eat: Chunk             |     3 |     3 |    12 |    13 ||    31
       Ration            |       |     1 |       |     2 ||     3
Armor: Scale mail        |    38 |    64 |    65 |       ||   167
       Chain mail        |       |       |    15 |       ||    15
       Plate armour      |       |       |    46 |   193 ||   239
Dodge: Dodged            |    22 |    47 |    92 |   143 ||   304
Block: Kite shield       |    42 |    97 |   252 |   278 ||   669
       Reflection        |       |     2 |     1 |       ||     3

Table legend:
 A = Non-vault XP
 B = Vault XP
 C = Vault XP percentage of total XP
 D = Non-vault monster count
 E = Vault monster count
 F = Vault count percentage of total count
                 A         B        C        D         E       F
            +---------+---------+-------+---------+---------+-------
      Total |   12237 |   10177 |  45.4 |     260 |     119 |  31.4
            +---------+---------+-------+---------+---------+-------
        D:1 |      24 |       0 |   0.0 |      13 |       0 |   0.0
        D:2 |      70 |      27 |  27.8 |      21 |       8 |  27.6
        D:3 |      73 |      73 |  50.0 |      29 |       5 |  14.7
        D:4 |     455 |     815 |  64.2 |      19 |      59 |  75.6
        D:5 |     315 |       0 |   0.0 |      12 |       0 |   0.0
        D:6 |     266 |     242 |  47.6 |       6 |       1 |  14.3
        D:7 |     748 |     132 |  15.0 |      23 |       1 |   4.2
        D:8 |     550 |    1927 |  77.8 |      16 |       6 |  27.3
        D:9 |    1026 |    1809 |  63.8 |      16 |       4 |  20.0
       D:10 |    3003 |    1798 |  37.5 |      46 |      24 |  34.3
       D:11 |    2025 |       0 |   0.0 |      31 |       0 |   0.0
       D:12 |    3682 |       0 |   0.0 |      28 |       0 |   0.0
   Gauntlet |       0 |    3354 | 100.0 |       0 |      11 | 100.0
            +---------+---------+-------+---------+---------+-------
